 Dungeon Crawl Stone Soup version 0.31-a0-981-geadf994542 (webtiles) character file.

Game seed: 12231318550462710408

33 IndexError the Conjurer (level 3, 22/24 HPs)
             Began as a Demonspawn Conjurer on Nov 1, 2023.
             Was a Follower of Dithmenos.
             Quit the game on level 2 of the Dungeon.
             The game lasted 00:01:26 (1101 turns).

IndexError the Conjurer (Demonspawn Conjurer)       Turns: 1101, Time: 00:01:26

Health: 22/24      AC:  3    Str:  7    XL:     3   Next: 12%
Magic:  0/7        EV: 14    Int: 21    God:    Dithmenos [*.....]
Gold:   64         SH:  0    Dex: 11    Spells: 6/7 levels left

rFire   . . .        h - +0 dagger
rCold   . . .        (no shield)
rNeg    . . .        a - +0 robe
rPois   .            (no helmet)
rElec   .            (no cloak)
rCorr   .            g - +0 pair of gloves
SInv    .            (no boots)
Will    .....        (no amulet)
Stlth   ++           (no ring)
HPRegen 0.24/turn    (no ring)
MPRegen 0.10/turn

%: no passive effects
@: wreathed by umbra
A: claws 1, repulsion field 1
a: Renounce Religion


You were on level 2 of the Dungeon.
You worshipped Dithmenos.
Dithmenos was aware of your devotion.
You visited 1 branch of the dungeon, and saw 2 of its levels.

You collected 64 gold pieces.

Inventory:

Hand Weapons
 h - a +0 dagger (weapon)
   (You took it off a kobold on level 1 of the Dungeon)
Armour
 a - a +0 robe (worn)
 g - a +0 pair of gloves (worn)
   (You found it on level 1 of the Dungeon)
Scrolls
 c - a scroll of poison {unknown}
 d - a scroll of amnesia {unknown}
 e - 2 scrolls of teleportation {unknown}
 f - a scroll of fog {unknown}
 i - a scroll of identify {unknown}
Potions
 b - a potion of magic
 j - a potion of curing {unknown}


   Skills:
 - Level 1.7 Dodging
 - Level 1.7 Stealth
 + Level 2.7 Spellcasting
 + Level 4.5 Conjurations


You had 6 spell levels left.
You knew the following spells:

 Your Spells              Type           Power      Damage    Failure   Level
a - Magic Dart            Conj           88%        1d7       1%          1

Your spell library contained the following spells:

 Spells                   Type           Power      Damage    Failure   Level
 Searing Ray              Conj           44%        2d6       3%          2
 Dazzling Flash           Conj/Hex       24%        N/A       16%         3
 Fulminant Prism          Conj/Hex       6%         3d7       47%         4
 Iskenderun's Mystic Bla  Conj/Tloc      12%        2d5       47%         4
 Summon Ice Beast         Ice/Summ       2%         N/A       80%         4
 Summon Mana Viper        Hex/Summ       2%         N/A       98%         5
 Monstrous Menagerie      Summ           1%         N/A       100%        7


Dungeon Overview and Level Annotations

Branches:
Dungeon (2/15)

Altars:
Dithmenos


Innate Abilities, Weirdness & Mutations

You have sharp fingernails.
You are surrounded by a mild repulsion field. (EV +2)


Message History

The magic dart hits the bat.
Dithmenos accepts your kill.
You now have 1/5 mp.
You can't see any susceptible monsters within range! (Use Z to cast anyway.)
You can't see any susceptible monsters within range! (Use Z to cast anyway.)
c - a scroll labelled UTE PAPUL YVIU MP restored: 5
Found a stone staircase leading down.
i - a scroll labelled BEHIRO MEHIUR A goblin comes into view.
It is wielding a +0 club.
A goblin is nearby!
The magic dart hits the goblin.
The goblin shouts!
You now have 4/5 mp.
The magic dart hits the goblin.
Dithmenos accepts your kill.
You now have 3/5 mp.
You can't see any susceptible monsters within range! (Use Z to cast anyway.)
Found a stone staircase leading down.
MP restored: 5
Things that are here:
a +0 club; a goblin corpse
There is an escape hatch in the floor here.
A rat comes into view.
A rat is nearby!
The magic dart hits the rat.
Dithmenos accepts your kill.
You now have 4/5 mp.
You can't see any susceptible monsters within range! (Use Z to cast anyway.)
You can't see any susceptible monsters within range! (Use Z to cast anyway.) Done exploring.
MP restored: 5 Autopickup is now off.
Unknown command.
Autopickup is now on.
Done exploring.
Done exploring.
Done exploring.
Done exploring.
Done exploring.
There is an escape hatch in the floor here.
There is a stone staircase leading down here.
You climb downwards.
The kobold shouts!
There is a stone staircase leading up here.
The magic dart hits the kobold.
Dithmenos accepts your kill.
The hobgoblin shouts!
You now have 4/5 mp.
The magic dart hits the bat.
Dithmenos accepts your kill.
You now have 3/5 mp.
The magic dart hits the hobgoblin.
You now have 2/5 mp.
The magic dart hits the hobgoblin.
Dithmenos accepts your kill.
You now have 1/5 mp.
Magic restored.
e - 2 scrolls labelled FAAMYURIEB (gained 1)
j - a viscous green potion MP restored: 5 You see here a hobgoblin corpse.
There is a stone staircase leading up here.
You climb upwards.
There is a stone staircase leading down here.
There is a stone staircase leading down here.
You climb downwards.
There is a stone staircase leading up here.
You climb upwards.
There is a stone staircase leading down here.
There is a stone staircase leading down here.
There is a stone staircase leading down here.
You climb downwards.
Found an escape hatch in the ceiling.
Found a stone staircase leading down.
There is a stone staircase leading up here.
There is a stone staircase leading down here.
As you open the door, it creaks loudly!
An adder comes into view.
The adder hisses angrily.
The magic dart hits the adder.
You now have 4/5 mp.
The magic dart hits the adder.
You now have 3/5 mp.
The magic dart hits the adder.
The adder bites you.
You take 3 damage, and have 16/19 hp.
You now have 2/5 mp.
The magic dart hits the adder.
The adder barely misses you. The adder misses you.
You now have 1/5 mp.
The magic dart hits the adder.
The adder barely misses you.
You now have 0/5 mp.
You hit the adder but do no damage. The adder bites you but does no damage.
You hit the adder. Dithmenos accepts your kill.
You have reached level 3!
Your experience leads to an increase in your attributes!
Increase (s)trength, (i)ntelligence, or (d)exterity?
You feel clever. x2; Your demonic ancestry asserts itself...
You begin to radiate repulsive energy.
You regained 5 hp, and now have 22/24 hp.
Are you sure you want to abandon this character and quit the game? (Confirm with "yes".)

# ...#######
.......<.#
.........#
.........#
........>####
...<........#
.........##@#
........###'#
######### ...
#...# #...#
....# .[.##
....#


There were no monsters in sight!

Vanquished Creatures
  An adder (D:2)
  A dart slug (D:1)
  2 ball pythons (D:1)
  2 endoplasms (D:1)
  2 goblins (D:1)
  3 hobgoblins
  2 jackals (D:1)
  2 kobolds
  A quokka (D:1)
  3 bats
  A rat (D:1)
20 creatures vanquished.

Notes
Turn   | Place    | Note
-------+----------+-------------------------------------------
     0 | D:1      | IndexError the Demonspawn Conjurer began the quest for the
                  | Orb.
     0 | D:1      | Reached XP level 1. HP: 13/13 MP: 3/3
    81 | D:1      | Found a faded altar of an unknown god.
   111 | D:1      | Prayed at the altar of an unknown god.
   111 | D:1      | Became a worshipper of Dithmenos the Shadowed
   111 | D:1      | Reached * piety under Dithmenos
   328 | D:1      | Gained mutation: You have sharp fingernails. [demonic
                  | ancestry]
   328 | D:1      | Reached XP level 2. HP: 19/19 MP: 1/5
  1101 | D:2      | Gained mutation: You are surrounded by a mild repulsion
                  | field. (EV +2) [demonic ancestry]
  1101 | D:2      | Reached XP level 3. HP: 22/24 MP: 0/7
  1101 | D:2      | Quit the game

Illustrated notes

Levels and vault maps discovered:
D:1:      saegor_arrival_simple_b, layout_loops_ring,
          hellmonk_ecumenical_altar_crossroads
D:2:      layout_rooms, minmay_liquid_box, minmay_statues_item,
          lightli_corner_chamber, uniq_sigmund

Action                     || total
---------------------------++-------
  Melee: Dagger            ||    22
   Cast: Magic Dart        ||    38
 Armour: Robe              ||    11
  Dodge: Dodged            ||    21

Table legend: (Time is in decaauts)
 A = Elapsed time spent in this place.
 B = Non-inter-level travel time spent in this place.
 C = Inter-level travel time spent in this place.
 D = Time resting spent in this place.
 E = Time spent auto-exploring this place.
 F = Levels seen in this place.
 G = Mean time per level.
                   A        B        C        D        E       F      G
               +--------+--------+--------+--------+--------+-----+--------+
         Total |   1100 |   1021 |     79 |      0 |    901 |   2 |  550.0 |
       Dungeon |   1100 |   1021 |     79 |      0 |    901 |   2 |  550.0 |
               +--------+--------+--------+--------+--------+-----+--------+

Top non-repeatable levels by time:
     D:1: 1007 daAuts
     D:2: 93 daAuts

Levels and vault maps discovered:
D:1:      saegor_arrival_simple_b, layout_loops_ring,
          hellmonk_ecumenical_altar_crossroads
D:2:      layout_rooms, minmay_liquid_box, minmay_statues_item,
          lightli_corner_chamber, uniq_sigmund

Table legend: (Time is in decaauts)
 A = Elapsed time spent in this place.
 B = Non-inter-level travel time spent in this place.
 C = Inter-level travel time spent in this place.
 D = Time resting spent in this place.
 E = Time spent auto-exploring this place.
 F = Levels seen in this place.
 G = Mean time per level.
                   A        B        C        D        E       F      G
               +--------+--------+--------+--------+--------+-----+--------+
         Total |   1100 |   1021 |     79 |      0 |    901 |   2 |  550.0 |
       Dungeon |   1100 |   1021 |     79 |      0 |    901 |   2 |  550.0 |
               +--------+--------+--------+--------+--------+-----+--------+

Top non-repeatable levels by time:
     D:1: 1007 daAuts
     D:2: 93 daAuts

Table legend:
 A = Kills in this place as a percentage of kills in the entire game.
 B = Kills by you in this place as a percentage of kills by you in the entire game.
 C = Kills by friends in this place as a percentage of kills by friends in the entire game.
 D = Other kills in this place as a percentage of other kills in the entire game.
 E = Experience gained in this place as a percentage of experience gained in the entire game.
 F = Experience gained in this place divided by the number of levels of this place that you have seen.
                   A       B       C       D       E      F
               +-------+-------+-------+-------+-------+----------------------
         Total | 100.0 | 100.0 |   N/A |   N/A | 100.0 |  24.0
       Dungeon | 100.0 | 100.0 |   N/A |   N/A | 100.0 |  24.0
               +-------+-------+-------+-------+-------+----------------------
